 Dungeon Crawl Stone Soup version 0.27.1-4-g1640c2035a (webtiles) character file.

Game seed: 415716196676721335

3404 pkoi the Blocker (level 9, -5/79 HPs)
             Began as a Minotaur Fighter on Nov 10, 2021.
             Was a Follower of Dithmenos.
             Killed from afar by an orc wizard (6 damage)
             ... with a puff of flame
             ... on level 7 of the Dungeon.
             The game lasted 00:12:07 (8091 turns).

pkoi the Blocker (Minotaur Fighter)                 Turns: 8091, Time: 00:12:08

Health: -5/79      AC: 17    Str: 25    XL:     9   Next: 75%
Magic:  3/8        EV:  6    Int:  5    God:    Dithmenos [*.....]
Gold:   436        SH: 13    Dex:  9    Spells: 8/8 levels left

rFire    . . .     SeeInvis .   a - +1 long sword
rCold    . . .     Faith    .   d - +2 kite shield
rNeg     . . .     Spirit   .   n - +3 plate armour
rPois    .         Reflect  .   (helmet restricted)
rElec    .         Harm     .   q - +0 cloak
rCorr    .         Rampage  .   (no gloves)
Will     .....                  (no boots)
Stlth    ..........             (no amulet)
HPRegen  0.23/turn              (no ring)
MPRegen  0.11/turn              (no ring)

@: wreathed by umbra
A: horns 2, retaliatory headbutt
a: Renounce Religion


You were on level 7 of the Dungeon.
You worshipped Dithmenos.
Dithmenos was aware of your devotion.
You visited 1 branch of the dungeon, and saw 8 of its levels.
You also visited: Bailey.

You collected 436 gold pieces.

Inventory:

Hand Weapons
 a - a +1 long sword (weapon)
 j - a +0 antimagic dagger
Missiles
 b - 7 atropa-tipped darts (quivered)
 g - 2 throwing nets
 o - 4 poisoned darts
Armour
 d - a +2 kite shield (worn)
 n - a +3 plate armour (worn)
 q - a +0 cloak (worn)
Wands
 c - a wand of flame (15)
 m - a wand of iceblast (8)
Scrolls
 f - 6 scrolls of identify
 i - a scroll of teleportation {unknown}
 l - 3 scrolls of amnesia
Potions
 e - 4 potions of flight
 h - a potion of brilliance
 k - a potion of attraction
 p - 2 potions of curing


   Skills:
 + Level 7.6 Fighting
 + Level 8.8 Long Blades
 + Level 3.6 Throwing
 + Level 7.0 Armour
 + Level 4.2 Stealth
 + Level 9.1 Shields


You had 8 spell levels left.
You didn't know any spells.
Your spell library contained the following spells:

 Spells                   Type           Power      Damage    Failure   Level
 Animate Skeleton         Necr           0%         N/A       100%        1
 Apportation              Tloc           0%         N/A       100%        1
 Corona                   Hex            0%         N/A       100%        1
 Summon Small Mammal      Summ           0%         N/A       100%        1
 Borgnjor's Revivificati  Necr           0%         N/A       100%        8
 Necromutation            Tmut/Necr      0%         N/A       100%        8
 Death's Door             Necr           0%         N/A       100%        9


Dungeon Overview and Level Annotations

Branches:
Dungeon (8/15)             Temple (0/1) D:7          Bailey (visited)
   Lair: D:8-11

Altars:
Ashenzari
Dithmenos
Fedhas
Hepliaklqana
Sif Muna
Uskayaw

Shops:
D:7 [

Annotations:
D:6 3 runed translucent doors, CrypticCrinoid's ghost, novice MiBe


Innate Abilities, Weirdness & Mutations

You have a pair of horns on your head.
You reflexively headbutt those who attack you in melee.


Message History

The gnoll sergeant hits you but does no damage.
Something hits you but does no damage. The gnoll hits you with a +0 flail.
* * * LOW HITPOINT WARNING * * *
The orc hits you but does no damage.
Unknown command.
You miss something. You headbutt something.
The gnoll sergeant hits you from afar with a +0 trident!
* * * LOW HITPOINT WARNING * * *
Something hits you.
* * * LOW HITPOINT WARNING * * *
Something freezes you.
* * * LOW HITPOINT WARNING * * *
You block the gnoll's attack. The orc hits you but does no damage.
You miss something. Your headbutt misses something.
You block the gnoll sergeant's attack. Something hits you but does no damage.
The gnoll barely misses you. The orc hits you but does no damage.
Unknown command.
You miss something.
The gnoll sergeant hits you from afar with a +0 trident!
* * * LOW HITPOINT WARNING * * *
Something hits you.
* * * LOW HITPOINT WARNING * * *
Something freezes you.
* * * LOW HITPOINT WARNING * * *
The gnoll hits you but does no damage. The orc completely misses you.
You furiously retaliate!
You headbutt the orc. You miss something.
You block the gnoll sergeant's attack. Something hits you but does no damage.
The gnoll barely misses you. You block the orc's attack.
Unknown command.
The gnoll sergeant hits you from afar with a +0 trident!
* * * LOW HITPOINT WARNING * * *
You block the gnoll's attack. You block the orc's attack.
The gnoll sergeant hits you from afar with a +0 trident.
* * * LOW HITPOINT WARNING * * *
You block the gnoll's attack.
You hear some strange, mumbled words.
A puff of flame appears from out of thin air!
The puff of flame hits you.
You die...

#.#..## ##..# #####
#.#.## ##.# #....#
..#.##... .##.##......
##.##.##.....##.#.......
.. ## #.....##.........
#. #.#..
#.....##......... ..
#...# .....##.........
..
#....###.###†........#
.# #...@.og)...........#
.' ##....g..)..........#
.' #....{.)..........##
.# ##.#.)#####.......#
.. #...## #......## ..
##.## #####..# ## ###


You could see a gnoll sergeant, a gnoll and an orc.

Vanquished Creatures
  A boulder beetle (D:8)
  2 centaur zombies
  Prince Ribbit (D:5)
  An acid dragon (D:5)
  2 black bears
  3 orc warriors
  An ice beast (D:5)
  3 gnoll sergeants
  2 scorpions (D:4)
  A water moccasin skeleton (D:3)
  4 killer bees (D:8)
  A howler monkey (D:5)
  Crazy Yiuf (D:5)
  A gnoll shaman (D:7)
  4 hounds
  3 orc priests
  2 bullfrog skeletons (D:5)
  Jessica (D:3)
  2 iguanas
  2 orc wizards (D:5)
  2 hound skeletons
  2 howler monkey zombies
  7 adders
  22 gnolls
  An ufetubus (D:4)
  An adder skeleton (D:4)
  2 worms
  2 dart slugs
  25 orcs
  5 endoplasms
  3 giant cockroaches
  16 goblins
  7 hobgoblins
  16 jackals
  4 kobolds
  6 quokkas
  8 ball pythons
  7 bats
  3 frilled lizards
  6 rats
183 creatures vanquished.

Vanquished Creatures (others)
  An adder (D:5)
1 creature vanquished.

Grand Total: 184 creatures vanquished

Notes
Turn   | Place    | Note
-------+----------+-------------------------------------------
     0 | D:1      | pkoi the Minotaur Fighter began the quest for the Orb.
     0 | D:1      | Reached XP level 1. HP: 19/19 MP: 0/0
   176 | D:1      | Reached skill level 4 in Shields
   176 | D:1      | Reached XP level 2. HP: 26/26 MP: 1/1
   680 | D:1      | Reached XP level 3. HP: 31/31 MP: 2/2
   920 | D:2      | Reached XP level 4. HP: 14/39 MP: 3/3
  1128 | D:2      | Reached skill level 5 in Shields
  1635 | D:2      | Reached XP level 5. HP: 32/45 MP: 4/4
  2237 | D:3      | Noticed Jessica
  2248 | D:3      | Killed Jessica
  2249 | D:3      | Reached skill level 5 in Long Blades
  2370 | D:3      | Found a faded altar of an unknown god.
  2961 | D:3      | Reached skill level 6 in Shields
  3189 | D:3      | Found a blossoming altar of Fedhas.
  3192 | D:3      | Reached XP level 6. HP: 51/51 MP: 5/5
  3194 | D:3      | Found a hazy altar of Hepliaklqana.
  3197 | D:3      | Found a shadowy altar of Dithmenos.
  3205 | D:3      | Became a worshipper of Dithmenos the Shadowed
  3780 | D:4      | Found a hide-covered altar of Uskayaw.
  4132 | D:4      | Reached skill level 1 in Stealth
  4202 | D:4      | Found a broken altar of Ashenzari.
  4384 | D:5      | Entered Level 5 of the Dungeon
  4401 | D:5      | Noticed an acid dragon
  4513 | D:5      | Killed an acid dragon
  4514 | D:5      | Reached XP level 7. HP: 31/60 MP: 6/6
  4792 | D:5      | Noticed Prince Ribbit
  4959 | D:4      | Reached skill level 7 in Shields
  5183 | D:4      | Reached skill level 5 in Fighting
  5332 | D:5      | Reached XP level 8. HP: 66/69 MP: 7/7
  5541 | D:5      | Found a runed translucent door.
  5542 | D:5      | Noticed Crazy Yiuf
  5737 | D:5      | Killed Crazy Yiuf
  5846 | D:5      | Killed Prince Ribbit
  5847 | D:5      | Reached skill level 5 in Armour
  6003 | D:6      | Reached skill level 1 in Throwing
  6003 | D:6      | Reached skill level 8 in Shields
  6127 | D:6      | Found a runed translucent gate.
  6129 | D:6      | Found a runed translucent gate.
  6139 | D:6      | Found a runed translucent gate.
  6149 | D:6      | Noticed CrypticCrinoid's ghost (novice MiBe)
  6179 | D:6      | You fall into a shaft and drop 2 floors!
  6185 | D:8      | Noticed a boulder beetle
  6200 | D:8      | HP: 1/71 [boulder beetle (10)]
  6210 | D:8      | Killed a boulder beetle
  6211 | D:8      | Reached XP level 9. HP: 9/78 MP: 8/8
  6585 | D:8      | Found a shimmering blue altar of Sif Muna.
  6689 | D:8      | Reached * piety under Dithmenos
  6706 | D:8      | Found a flagged portal.
  6719 | Bailey   | Entered a bailey
  6741 | Bailey   | Noticed an orc knight
  6741 | Bailey   | Noticed an orc knight
  7022 | D:7      | Found Saor's Armour Shoppe.
  7233 | D:7      | Reached skill level 9 in Shields
  8004 | D:7      | Found a staircase to the Ecumenical Temple.
  8089 | D:7      | HP: 2/79 [gnoll sergeant (7)]
  8091 | D:7      | Killed from afar by an orc wizard

Illustrated notes

Levels and vault maps discovered:
D:1:      lightli_arrival_statuegarden, layout_basic
D:2:      layout_basic, minmay_goblin_outpost
D:3:      layout_basic, minitemple, shapermc_ecumenical_altar_flowoftime,
          uniq_jessica
D:4:      layout_basic, mainiacjoe_overflow_tiny_flanked,
          mainiacjoe_overflow_alcove_1, fountainhead
D:5:      layout_rooms, serial_bayou_pond_d, uniq_prince_ribbit1,
          uniq_crazy_yiuf_cottage
D:6:      layout_loops_ring, gammafunk_ghost_necromancy, kennysheep_diamond,
          hangedman_decor_points, uniq_edmund, uniq_sigmund, uniq_menkaure,
          uniq_grinder
D:7:      layout_cave_pods, bloody_makhleb, temple_statues, serial_gnoll_camp,
          gnoll_camp_huts_basic, gnoll_camp_mini_basic, gnoll_camp_mini_shop,
          gnoll_camp_mini_sergeant
D:8:      layout_gridville, kennysheep_vampire_church,
          mainiacjoe_overflow_swirl, general_overflow_altar, enter_bailey_7,
          kennysheep_generic_room_12

Skill      XL: |  1  2  3  4  5  6  7  8  9 |
---------------+----------------------------+-----
Shields        | 4 5 6 7 8 9 |  9.1
Long Blades    | 3 4 5 6 7 8 |  8.8
Fighting       | 4 5 6 7 |  7.6
Stealth        | 1 2 3 4 |  4.2
Armour         | 4 6 7 |  7.0
Throwing       | 2 3 |  3.6

Action                   |  1- 3 |  4- 6 |  7- 9 || total
-------------------------+-------+-------+-------++-------
Melee: Long sword        |    91 |   166 |   305 ||   562
       Headbutt          |    11 |    22 |    67 ||   100
       Dagger            |       |       |     9 ||     9
Throw: Dart              |       |       |    10 ||    10
  Use: Scroll            |       |    11 |     1 ||    12
       Potion            |       |       |     3 ||     3
 Stab: Invisible         |       |       |     1 ||     1
Armor: Scale mail        |    63 |    49 |       ||   112
       Plate armour      |       |     7 |   222 ||   229
Dodge: Dodged            |    26 |    42 |    89 ||   157
Block: Kite shield       |    58 |   104 |   274 ||   436
       Rpst.: Long sword |     8 |    17 |    20 ||    45
